AoeStats
← |GaoeG| flamingo

QS Arena

503582341Analyzed
1v1 RM · 1mo ago on Sep 1, 2026· 38m 55s· 2 players
Game mode
Random Map
Map size
Tiny (2 player)
Population
200
Speed
Normal
Resources
Standard
Victory
Conquest
Starting age
Dark Age
Ending age
Imperial Age
RankedLock teamsTeams togetherTeam positionsShared explorationLock speedFull tech treeHidden civsTurbo modeCheats
Victory
Defeat
🇪🇸 Spanish · Spain
1363
+17
🇨🇳 Khmer · China
1391
-17
|GaoeG| flamingo
8:50 Feudal Age
12:40 Castle Age
10:38 Double-Bit Axe
11:16 Horse Collar
13:59 Bow Saw
19:28 Heavy Plow
21:58 Wheelbarrow
27:52 Imperial Age
25:40 Gold Mining
26:22 Scale Barding Armor
26:28 Forging
26:06 Loom
28:11 Chain Barding Armor
28:30 Iron Casting
28:25 Hand Cart
28:31 Bloodlines
28:23 Husbandry
27:46 Light Cavalry
28:19 Cavalier
29:36 Plate Barding Armor
30:33 Chemistry
30:15 Town Watch
32:35 Conscription
32:34 Hussar
34:37 Blast Furnace
33:37 Padded Archer Armor
35:22 Elite Skirmisher
35:40 Paladin
37:35 Leather Archer Armor
37:11 Fletching
37:49 Ballistics
38:53 Thumb Ring
38:46 Bodkin Arrow
39:22 Ring Archer Armor
RRのwudi
7:40 Feudal Age
9:08 Loom
11:28 Castle Age
9:49 Double-Bit Axe
13:57 Loom
16:33 Horse Collar
18:27 Fletching
20:13 Wheelbarrow
20:50 Bow Saw
20:42 Heavy Plow
22:27 Elite Skirmisher
23:05 Bodkin Arrow
23:42 Ballistics
23:00 Light Cavalry
25:44 Hand Cart
29:09 Imperial Age
26:49 Gold Mining
27:34 Husbandry
27:44 Bloodlines
28:53 Gold Shaft Mining
29:13 Forging
29:14 Stone Mining
29:51 Scale Barding Armor
31:01 Chemistry
30:46 Conscription
31:43 Iron Casting
32:15 Chain Barding Armor
31:56 Hussar
34:06 Blast Furnace
33:06 Scale Mail Armor
32:37 Pikeman
34:06 Fortified Wall
36:01 Plate Barding Armor
36:13 Halberdier
Connection lost

Rejoining the realm…

Still unreachable

The connection could not be restored.

Session expired

The server has moved on; the page needs a fresh start.